 Dungeon Crawl Stone Soup version 0.22.1-1-ga44c0e56f4 (webtiles) character file.

296 Ihlosi the Skirmisher (level 6, 0/66 HPs)
             Began as an Ogre Fighter on Oct 29, 2018.
             Succumbed to a worker ant's poison
             ... on level 4 of the Dungeon.
             The game lasted 00:11:53 (3287 turns).

Ihlosi the Skirmisher (Ogre Fighter)                Turns: 3287, Time: 00:11:53

Health: 0/66       AC:  3    Str: 21    XL:     6   Next: 34%
Magic:  3/15       EV:  9    Int:  9    God:
Gold:   118        SH:  8    Dex: 10    Spells: 5/5 levels left

rFire    + . .     SeeInvis .   s - -2 dagger (curse)
rCold    + . .     Gourm    .   c - +0 shield
rNeg     . . .     Faith    .   b - +0 robe
rPois    +         Spirit   +   (helmet restricted)
rElec    +         Reflect  .   e - scarf {Spirit}
rCorr    +         Harm     .   (gloves unavailable)
MR       .....                  (boots unavailable)
Stlth    +.........             (no amulet)
HPRegen  0.21/turn              r - ring of magical power
MPRegen  0.14/turn              u - ring of poison resistance

@: lethally poisoned (0 -> -2), resistant, berserk cooldown, slowed, very slow
A: large, unfitting armour, tough skin 1
a: no special abilities


You were on level 4 of the Dungeon.
You were hungry.

You visited 1 branch of the dungeon, and saw 4 of its levels.

You collected 118 gold pieces.

Inventory:

Hand Weapons
 a - a +1 flail
 s - a cursed -2 dagger (weapon)
Missiles
 h - 4 large rocks (quivered)
Armour
 b - a +0 robe (worn)
 c - a +0 shield (worn)
 e - a scarf of spirit shield (worn)
 o - a +1 cloak
Jewellery
 r - a ring of magical power (left hand)
 u - a ring of poison resistance (right hand)
Scrolls
 g - a scroll of blinking
 i - a scroll of enchant weapon
 j - a scroll of identify
 k - a scroll of enchant armour
 l - 3 scrolls of teleportation
Potions
 m - a potion of flight
Comestibles
 f - 6 rations


   Skills:
 + Level 5.3 Fighting
 + Level 4.2 Maces & Flails
 * Level 0.3 Armour
 + Level 4.2 Dodging
 - Level 2.6 Shields


You had 5 spell levels left.
You didn't know any spells.
Your spell library was empty.

Dungeon Overview and Level Annotations

Branches:
Dungeon (4/15)
 Temple: D:4-7

Altars:
Hepliaklqana
Kikubaaqudgha

Annotations:
D:2 Sigmund


Innate Abilities, Weirdness & Mutations

You are too large for most types of armour.
You have tough skin. (AC +1)


Message History

* * * LOW HITPOINT WARNING * * *
You feel sick.
You see here a worker ant corpse.
You feel a strong urge to attack something.
There is a stone staircase leading up, spattered with blood here.
There is a lethal amount of poison in your body!
There is a lethal amount of poison in your body!
You are too berserk!
You are too berserk!
There is a lethal amount of poison in your body!
You feel your anger nearly subside.
You are no longer berserk.
You are exhausted.
You feel yourself slow down.
* * * LOW HITPOINT WARNING * * *
You feel sick.
You feel protected.
There is a lethal amount of poison in your body!
* * * LOW HITPOINT WARNING * * *
You feel sick.
You die...

. .##.. #..#
######.# # ...#
#..# .......#
#.#..##..#
.......# #.#..#..#
<.....#####......#
...............#
#.###..####..#.#
.. # ##...#### #.#
#...†@.# .#
#...##..# .# #.#.#
#.# .# #.#.# .#
#.#.# # #.#.. ###


There were no monsters in sight!

Vanquished Creatures
  A crimson imp (D:3)
  2 orc priests (D:3)
  An orc wizard (D:3)
  A worker ant (D:4)
  A hound skeleton (D:3)
  5 adders
  3 worms
  2 leopard geckos
  7 orcs (D:3)
  7 bats
  4 giant cockroaches
  11 goblins
  7 hobgoblins
  4 jackals (D:2)
  3 quokkas (D:3)
  A ball python (D:2)
  3 frilled lizards (D:2)
  A jackal skeleton (D:3)
  8 kobolds
  9 rats
81 creatures vanquished.

Notes
Turn   | Place    | Note
-------+----------+-------------------------------------------
     0 | D:1      | Ihlosi the Ogre Fighter began the quest for the Orb.
     0 | D:1      | Reached XP level 1. HP: 24/24 MP: 1/1
   187 | D:1      | Reached XP level 2. HP: 11/32 MP: 0/2
   968 | D:1      | Reached XP level 3. HP: 40/40 MP: 3/3
  1618 | D:2      | Noticed Sigmund
  1669 | D:2      | Reached XP level 4. HP: 49/49 MP: 4/4
  2120 | D:3      | Found a hazy altar of Hepliaklqana.
  2156 | D:3      | Reached XP level 5. HP: 52/55 MP: 5/5
  2281 | D:3      | Reached skill level 5 in Fighting
  2574 | D:3      | Found an ancient bone altar of Kikubaaqudgha.
  2636 | D:3      | Reached XP level 6. HP: 26/66 MP: 5/6
  3278 | D:4      | HP: 3/66 [poisoned by a worker ant]
  3284 | D:4      | HP: 1/66 [poisoned by a worker ant]
  3287 | D:4      | Succumbed to a worker ant's poison

Skill      XL: |  1  2  3  4  5 |
---------------+----------------+-----
Maces & Flails | 2 3 4 |  4.2
Dodging        | 3 4 |  4.2
Fighting       | 5 |  5.3
Armour         | |  0.3
Shields        | |  2.6

Action                   |  1- 3 |  4- 6 || total
-------------------------+-------+-------++-------
Melee: Flail             |   121 |   162 ||   283
       Dagger            |       |   137 ||   137
  Use: Potion            |     2 |     6 ||     8
       Scroll            |       |     6 ||     6
  Eat: Chunk             |     2 |     6 ||     8
Armor: Robe              |    40 |    70 ||   110
Dodge: Dodged            |    48 |   112 ||   160
Block: Shield            |    54 |   109 ||   163
